 Dungeon Crawl Stone Soup version 0.30-a0-1123-gabc949cf19 (webtiles) character file.

Game seed: 4436963458422639019

170 Arzdou the Trooper (level 5, -9/55 HPs)
             Began as an Ogre Cinder Acolyte on Apr 22, 2023.
             Was a High Priest of Ignis.
             Mangled by an ogre
             ... wielding a +0 giant club
              (32 damage)
             ... on level 3 of the Dungeon.
             The game lasted 00:03:19 (2010 turns).

Arzdou the Trooper (Ogre Cinder Acolyte)            Turns: 2010, Time: 00:03:19

Health: -9/55      AC:  3    Str: 18    XL:     5   Next: 50%
Magic:  8/8        EV:  9    Int: 23    God:    Ignis [*****.]
Gold:   46         SH:  0    Dex:  4    Spells: 6/8 levels left

rFire   + . .        a - -1 spear (flame)
rCold   + . .        (no shield)
rNeg    . . .        b - +0 robe
rPois   .            (helmet restricted)
rElec   .            (no cloak)
rCorr   .            (gloves unavailable)
SInv    .            (boots unavailable)
Will    .....        l - amulet of magic regeneration
Stlth   +            i - +6 ring of intelligence
HPRegen 0.29/turn    o - ring of protection from cold
MPRegen 0.51/turn

%: no passive effects
@: no status effects
A: large, unfitting armour, tough skin 1
a: Renounce Religion, Fiery Armour, Foxfire Swarm, Rising Flame


You were on level 3 of the Dungeon.
You worshipped Ignis.
Ignis was extremely pleased with you.
You visited 1 branch of the dungeon, and saw 3 of its levels.

You collected 46 gold pieces.

Inventory:

Hand Weapons
 a - a -1 spear of flaming (weapon)
Armour
 b - a +0 robe (worn)
Jewellery
 i - a +6 ring of intelligence (left hand)
 l - an amulet of magic regeneration (around neck)
 o - a ring of protection from cold (right hand)
Scrolls
 d - a scroll of magic mapping {unknown}
 g - a scroll of fear {unknown}
 h - 2 scrolls of vulnerability {unknown}
 j - 2 scrolls of teleportation {unknown}
 k - 2 scrolls of identify {unknown}
 m - a scroll of butterflies {unknown}
 p - a scroll of enchant weapon {unknown}
Potions
 c - 2 potions of ambrosia {unknown}
 e - a potion of lignification {unknown}
 f - a potion of haste {unknown}
 n - a potion of heal wounds {unknown}


   Skills:
 + Level 4.6 Fighting
 + Level 3.9 Polearms
 + Level 0.4 Dodging
 + Level 0.1 Stealth
 + Level 2.4 Spellcasting
 * Level 4.0 Fire Magic


You had 6 spell levels left.
You knew the following spells:

 Your Spells              Type           Power      Damage    Failure   Level
a - Scorch                Fire           42%        2d7       3%          2

Your spell library contained the following spells:

 Spells                   Type           Power      Damage    Failure   Level


Dungeon Overview and Level Annotations

Branches:
Dungeon (3/15)

Altars:


Innate Abilities, Weirdness & Mutations

You are too large for most types of armour.
You have tough skin. (AC +1)


Message History

Flames lash the ogre.
The ogre is burned terribly!
The ogre is moderately wounded.
You hear a shout!
Flames lash the gnoll.
The gnoll is almost dead.
The gnoll's fire resistance burns away.
You hear a shout!
A gnoll comes into view. It is wielding a +0 flail.
An adder comes into view.
The ogre hits you with a +0 giant club!
You barely miss the ogre.
The ogre is moderately wounded.
The adder hisses angrily.
The gnoll hits you from afar with a +0 spear.
A goblin comes into view. It is wielding a +0 club.
The ogre closely misses you.
You hit the ogre but do no damage.
The ogre is moderately wounded.
A goblin comes into view. It is wielding a +0 dagger.
A kobold comes into view. It is wielding a +1 sling of freezing.
The gnoll closely misses you.
You barely miss the ogre.
The ogre is moderately wounded.
The ogre hits you with a +0 giant club!!
Ouch! That really hurt!
* * * LOW HITPOINT WARNING * * *
The gnoll hits you from afar with a +0 spear.
* * * LOW HITPOINT WARNING * * *
The gnoll is no longer more vulnerable to fire.
The ogre is no longer more vulnerable to fire.
Things that are here:
a +0 trident; a +0 falchion; an orc skeleton
Things that are here:
a ball python skeleton; a hobgoblin skeleton
Things that are here:
a +0 dagger; a +0 robe
There is a stone staircase leading up here.
The ogre hits you with a +0 giant club!!
Ouch! That really hurt!
You die...

## ## #. .# #.#.#
######...##
#....#(... #
#.#.###g######.#
#.#.##)รท)......##
#.#..)O##........
#.#..#@##.###.#..
#.#..####g# .#
##....# #.###.#..
#..#.....#g..$....
#..####.##...#.#....
#.....#....g.# ...
#.#.)..###...# #..
.. #...#........#
#.# .. $
##..#.####...# #.#
.# .


You could see an ogre and a gnoll.

Vanquished Creatures
  An orc priest (D:3)
  2 orc wizards (D:3)
  2 adders
  3 worms
  2 dart slugs (D:1)
  2 orcs (D:3)
  10 endoplasms
  A giant cockroach (D:1)
  6 goblins
  5 hobgoblins
  2 jackals (D:2)
  2 quokkas (D:1)
  8 ball pythons
  4 bats
  5 frilled lizards
  3 kobolds (D:1)
  4 rats
62 creatures vanquished.

Vanquished Creatures (others)
  2 plants (D:1)
2 creatures vanquished.

Grand Total: 64 creatures vanquished

Notes
Turn   | Place    | Note
-------+----------+-------------------------------------------
     0 | D:1      | Arzdou the Ogre Cinder Acolyte began the quest for the Orb.
     0 | D:1      | Reached XP level 1. HP: 24/24 MP: 2/2
    62 | D:1      | Reached XP level 2. HP: 22/33 MP: 3/3
   253 | D:1      | Learned a level 2 spell: Scorch
   261 | D:1      | Reached XP level 3. HP: 40/40 MP: 1/4
  1487 | D:2      | Reached XP level 4. HP: 49/49 MP: 2/6
  1700 | D:3      | Reached XP level 5. HP: 26/55 MP: 6/8
  1972 | D:3      | Noticed an ogre
  1973 | D:3      | Identified the +0 leather armour of Ralirext {Harm rC+
                  | Int-4}
  2010 | D:3      | Mangled by an ogre

Illustrated notes

Levels and vault maps discovered:
D:1:      giann_bridges, layout_rooms, st_stairs_3
D:2:      layout_basic, minmay_misc_feat_enclosed
D:3:      layout_basic, nicolae_tso_besieged_by_evil, minmay_pentomino_pile

Skill      XL: |  1  2  3  4  5 |
---------------+----------------+-----
Fire Magic     | 3 4 |  4.0
Spellcasting   | 2 |  2.4
Fighting       | |  4.6
Polearms       | |  3.9
Dodging        | |  0.4
Stealth        | |  0.1

Action                     |  1- 3 |  4- 6 || total
---------------------------+-------+-------++-------
  Melee: Spear             |    80 |    26 ||   106
         Punch             |     1 |     1 ||     2
   Cast: Scorch            |    19 |    25 ||    44
 Armour: Robe              |    23 |     5 ||    28
  Dodge: Dodged            |    34 |     8 ||    42

Table legend: (Time is in decaauts)
 A = Elapsed time spent in this place.
 B = Non-inter-level travel time spent in this place.
 C = Inter-level travel time spent in this place.
 D = Time resting spent in this place.
 E = Time spent auto-exploring this place.
 F = Levels seen in this place.
 G = Mean time per level.
                   A        B        C        D        E       F      G
               +--------+--------+--------+--------+--------+-----+--------+
         Total |   2001 |   1936 |     65 |      0 |   1623 |   3 |  667.0 |
       Dungeon |   2001 |   1936 |     65 |      0 |   1623 |   3 |  667.0 |
               +--------+--------+--------+--------+--------+-----+--------+

Top non-repeatable levels by time:
     D:2: 917 daAuts
     D:1: 755 daAuts
     D:3: 328 daAuts
